 Dungeon Crawl Stone Soup version 0.23-a0-701-gd76f34b (console) character file.

51 Duffy the Firebug (level 3, 4/24 HPs)
             Began as a Demonspawn Fire Elementalist on Jan 12, 2019.
             Quit the game on level 1 of the Dungeon.
             The game lasted 00:00:50 (719 turns).

Duffy the Firebug (Demonspawn Fire Elementalist)     Turns: 719, Time: 00:00:51

Health: 4/24       AC:  3    Str:  8    XL:     3   Next: 58%
Magic:  0/6        EV: 12    Int: 17    God:
Gold:   39         SH:  0    Dex: 13    Spells: 5/6 levels left

rFire    . . .     SeeInvis .   e - +0 short sword
rCold    . . .     Gourm    .   (no shield)
rNeg     . . .     Faith    .   a - +0 robe
rPois    .         Spirit   .   (no helmet)
rElec    .         Reflect  .   (no cloak)
rCorr    .         Harm     .   (no gloves)
MR       .....                  (no boots)
Stlth    ++........             (no amulet)
HPRegen  0.08/turn              (no ring)
MPRegen  0.10/turn              (no ring)

@: very slightly contaminated
A: claws 1, rugged brown scales 1
a: no special abilities


You were on level 1 of the Dungeon.
You were not hungry.

You visited 1 branch of the dungeon, and saw 2 of its levels.

You collected 39 gold pieces.

Inventory:

Hand Weapons
 e - a +0 short sword (weapon)
Armour
 a - a +0 robe (worn)
Scrolls
 d - a scroll of amnesia {unknown}
 f - a scroll of remove curse {unknown}
Potions
 b - a potion of curing {unknown}
Comestibles
 c - a ration
 g - 2 chunks of flesh


   Skills:
 - Level 1.7 Dodging
 - Level 1.7 Stealth
 + Level 2.4 Spellcasting
 + Level 2.7 Conjurations
 + Level 3.1 Fire Magic


You had 5 spell levels left.
You knew the following spells:

 Your Spells              Type           Power        Failure   Level  Hunger
h - Flame Tongue          Conj/Fire      ##...        5%          1    #......

Your spell library contained the following spells:

 Spells                   Type           Power        Failure   Level  Hunger
 Throw Flame              Conj/Fire      ##....       9%          2    ##.....
 Conjure Flame            Conj/Fire      ##......     17%         3    ###....
 Inner Flame              Hex/Fire       #.......     30%         3    ###....
 Sticky Flame             Conj/Fire      ##......     50%         4    #####..
 Fireball                 Conj/Fire      ##........   83%         5    ######.


Dungeon Overview and Level Annotations

Branches:
Dungeon (2/15)

Altars:


Innate Abilities, Weirdness & Mutations

You have sharp fingernails.
You are partially covered in rugged brown scales. (AC +1, +3% HP)


Message History

Confirm with . or Enter, or press ? or * to list all spells.
Aiming: Flame Tongue (safe; 7% risk of failure)
Press: ? - help, Shift-Dir - straight line, f/p - orc wizard
Aim: an orc wizard, wielding a +0 dagger and wearing a +0 robe (almost dead)
The flame tongue hits the orc wizard.
You kill the orc wizard!
Your Fire Magic skill increases to level 3!
You have reached level 3!
Your experience leads to an increase in your attributes!
Increase (S)trength, (I)ntelligence, or (D)exterity?
You feel clever.
Your demonic ancestry asserts itself...
Your fingernails lengthen.
You now have 39 gold pieces (gained 16).
Things that are here:
a +0 dagger; a +0 robe; an orc corpse You butcher the orc corpse.
g - 2 chunks of flesh
Things that are here:
a +0 dagger; a +0 robe; an orc skeleton Are you sure you want to abandon this character and quit the game? (Confirm with "yes".)

#.# #.# #.. #.# #.. #.#
#.# #(# #.# #.# ##.#
#.# #..#####
#######@####......# #
.......>...#.'#~~## ...
#######.....0#....#....
..#....#0~0...~....
#.#..#.#00.<}.~.)...
#.#...#..~....~.....
#.#....#.#.0..#.....
#...#..####~0###~~##
###....##.0.0(#....#


There were no monsters in sight!

Vanquished Creatures
  An orc wizard (D:1)
  An adder (D:2)
  2 bats (D:1)
  2 giant cockroaches (D:1)
  A goblin (D:2)
  3 hobgoblins (D:1)
  3 kobolds (D:1)
  A rat (D:1)
14 creatures vanquished.

Notes
Turn   | Place    | Note
-------+----------+-------------------------------------------
     0 | D:1      | Duffy the Demonspawn Fire Elementalist began the quest for
                  | the Orb.
     0 | D:1      | Reached XP level 1. HP: 13/13 MP: 3/3
   204 | D:1      | Gained mutation: You are partially covered in rugged brown
                  | scales. (AC +1, +3% HP) [demonic ancestry]
   204 | D:1      | Reached XP level 2. HP: 13/19 MP: 0/5
   714 | D:1      | Reached skill level 3 in Fire Magic
   714 | D:1      | Gained mutation: You have sharp fingernails. [demonic
                  | ancestry]
   714 | D:1      | Reached XP level 3. HP: 3/24 MP: 0/6
   719 | D:1      | Quit the game

Vault maps used:
D:1:      dpeg_arrival_rooms_with_view, chequers_garden, st_stairs_2,
          minmay_pentomino_s4
D:2:      overflow_temple_1_default, marbit_many_paths, uniq_sigmund

Skill      XL: |  1  2 |
---------------+-------+-----
Conjurations   | 2 |  2.7
Fire Magic     | 3 |  3.1
Dodging        | |  1.7
Stealth        | |  1.7
Spellcasting   | |  2.4

Action                   || total
-------------------------++-------
Melee: Short sword       ||    13
       Unarmed           ||     1
 Cast: Flame Tongue      ||    29
Armor: Robe              ||     3
Dodge: Dodged            ||    14

Table legend:
 A = Non-vault XP
 B = Vault XP
 C = Vault XP percentage of total XP
 D = Non-vault monster count
 E = Vault monster count
 F = Vault count percentage of total count
                 A         B        C        D         E       F
            +---------+---------+-------+---------+---------+-------
      Total |      72 |       2 |   2.7 |      13 |       1 |   7.1
            +---------+---------+-------+---------+---------+-------
        D:1 |      57 |       2 |   3.4 |      11 |       1 |   8.3
        D:2 |      15 |       0 |   0.0 |       2 |       0 |   0.0
            +---------+---------+-------+---------+---------+-------
